 Dungeon Crawl Stone Soup version 0.28-a0-476-g0f06bd746f (webtiles) character file.

Game seed: 10734529128818492770

441 snackwell the Cutter (level 7, -3/44 HPs)
             Began as a Kobold Brigand on Sept 16, 2021.
             Slain by a scorpion (4 damage)
             ... on level 4 of the Dungeon.
             The game lasted 00:05:17 (2359 turns).

snackwell the Cutter (Kobold Brigand)               Turns: 2359, Time: 00:05:18

Health: -3/44      AC:  3    Str:  9 (10) XL:     7   Next: 22%
Magic:  7/7        EV: 14    Int: 10 (12) God:
Gold:   143        SH:  0    Dex: 16 (17) Spells: 6/6 levels left

rFire   + . .      SeeInvis .   a - +2 dagger
rCold   + . .      Faith    .   (shield restricted)
rNeg    . . .      Spirit   .   b - +0 robe
rPois   +          Reflect  .   (no helmet)
rElec   +          Harm     .   c - +0 cloak
rCorr   +          Rampage  .   (no gloves)
Will    .....                   (no boots)
Stlth   ++++......              (no amulet)
HPRegen 0.14/turn               m - +4 ring of slaying
MPRegen 0.10/turn               (no ring)

@: mighty, brilliant, lethally poisoned (-3 -> -9), resistant
A: small, no large weapons, nightstalker 3
a: no special abilities


You were on level 4 of the Dungeon.
You visited 1 branch of the dungeon, and saw 4 of its levels.

You collected 143 gold pieces.

Inventory:

Hand Weapons
 a - a +2 dagger (weapon)
Missiles
 d - 22 poisoned darts (quivered)
 e - 2 curare-tipped darts
Armour
 b - a +0 robe (worn)
 c - a +0 cloak (worn)
 v - a +0 ring mail
   (You found it on level 3 of the Dungeon)
Jewellery
 m - a +4 ring of slaying (left hand)
   (You found it on level 3 of the Dungeon)
 q - a +6 ring of intelligence
   (You found it on level 3 of the Dungeon)
Wands
 o - a wand of iceblast (11)
   (You found it on level 3 of the Dungeon)
Scrolls
 g - 2 scrolls of magic mapping {unknown}
 j - 2 scrolls of fog {unknown}
 r - a scroll of noise {unknown}
 s - 3 scrolls of identify {unknown}
 t - a scroll of acquirement {unknown}
 u - a scroll of teleportation {unknown}


   Skills:
 + Level 5.6 Fighting
 + Level 6.8 Short Blades
 - Level 2.1 Throwing
 - Level 1.2 Dodging
 - Level 6.0 Stealth


You had 6 spell levels left.
You didn't know any spells.
Your spell library contained the following spells:

 Spells                   Type           Power      Damage    Failure   Level
 Summon Small Mammal      Summ           0%         N/A       36%         1
 Slow                     Hex            0%         N/A       50%         2
 Call Canine Familiar     Summ           0%         N/A       75%         3
 Confusing Touch          Hex            0%         N/A       75%         3
 Gell's Gravitas          Tloc           0%         N/A       75%         3
 Summon Guardian Golem    Hex/Summ       0%         N/A       75%         3
 Teleport Other           Tloc           0%         N/A       75%         3
 Vampiric Draining        Necr           0%         2d6       75%         3
 Dispersal                Tloc           0%         N/A       100%        6


Dungeon Overview and Level Annotations

Branches:
Dungeon (4/15)
 Temple: D:4-7

Altars:
Xom

Shops:
D:1 (


Innate Abilities, Weirdness & Mutations

You are small and have problems with some larger weapons.
You are completely attuned to the shadows.


Message History

The scorpion stings you!
You are poisoned.
The scorpion poisons you!
You completely miss the scorpion.
The scorpion is moderately wounded.
You feel sick. The scorpion barely misses you.
You hit the scorpion.
The scorpion is severely wounded.
You feel sick. The scorpion stings you!
You are lethally poisoned!
The scorpion poisons you!
It was a potion of degeneration.
There was something very wrong with that liquid.
You feel weakened.
You feel dopey.
You feel clumsy.
* * * LOW HITPOINT WARNING * * *
You feel very sick. The scorpion stings you.
* * * LOW HITPOINT WARNING * * *
Unknown command.
Unknown command.
Unknown command.
It was a potion of cancellation.
You feel magically purged.
* * * LOW HITPOINT WARNING * * *
You feel very sick. The scorpion closely misses you.
Unknown command.
Unknown command.
Unknown command.
It was a potion of magic.
Magic courses through your body.
* * * LOW HITPOINT WARNING * * *
You feel very sick. The scorpion stings you.
* * * LOW HITPOINT WARNING * * *
It was a potion of curing.
You feel better. The scorpion closely misses you.
It was a potion of might.
You feel very mighty all of a sudden. The scorpion stings you.
* * * LOW HITPOINT WARNING * * *
You are lethally poisoned!
The scorpion poisons you! The scorpion barely misses you.
It was a potion of resistance.
You feel protected.
* * * LOW HITPOINT WARNING * * *
You feel very sick. The scorpion closely misses you.
It was a potion of brilliance.
You feel clever all of a sudden.
* * * LOW HITPOINT WARNING * * *
You feel sick. The scorpion stings you.
You die...

.. ...
....####...
....#......
....).....#
......@...#
......#s..#
......##...
..........#
....<..#...
........#
....).#.#
......#.#
......#


You could see a scorpion.

Vanquished Creatures
  Grinder (D:3)
  2 ogres
  Crazy Yiuf (D:3)
  An adder (D:2)
  2 dart slugs
  7 endoplasms
  2 giant cockroaches
  3 goblins
  3 hobgoblins (D:2)
  3 quokkas
  3 ball pythons
  8 bats
  A frilled lizard (D:1)
  3 kobolds
  3 rats
43 creatures vanquished.

Notes
Turn   | Place    | Note
-------+----------+-------------------------------------------
     0 | D:1      | snackwell the Kobold Brigand began the quest for the Orb.
     0 | D:1      | Reached XP level 1. HP: 12/12 MP: 1/1
   402 | D:1      | Reached XP level 2. HP: 18/18 MP: 2/2
   405 | D:1      | Found Gidghe's Weapon Shoppe.
   887 | D:2      | Reached XP level 3. HP: 22/22 MP: 3/3
   979 | D:2      | Found a shimmering altar of Xom.
  1560 | D:3      | Noticed an ogre
  1563 | D:3      | Killed an ogre
  1564 | D:3      | Reached XP level 4. HP: 29/29 MP: 4/4
  1564 | D:3      | Reached XP level 5. HP: 33/33 MP: 5/5
  1588 | D:3      | Found a faded altar of an unknown god.
  1656 | D:3      | Found a runed translucent door.
  1659 | D:3      | Noticed Crazy Yiuf
  1685 | D:3      | Killed Crazy Yiuf
  1686 | D:3      | Reached skill level 5 in Short Blades
  2104 | D:3      | Noticed Grinder
  2108 | D:3      | Killed Grinder
  2109 | D:3      | Reached skill level 5 in Fighting
  2109 | D:3      | Reached XP level 6. HP: 40/40 MP: 6/6
  2334 | D:4      | Noticed an ogre
  2336 | D:4      | Killed an ogre
  2337 | D:4      | Reached XP level 7. HP: 44/44 MP: 7/7
  2355 | D:4      | HP: 2/44 [scorpion (4)]
  2359 | D:4      | Slain by a scorpion

Illustrated notes

Levels and vault maps discovered:
D:1:      giann_forest_graveyard, layout_loops_ring, serial_shops,
          nicolae_lakefront_shop
D:2:      wad_crossroads, layout_rooms, basic_altar
D:3:      layout_loops_ring, hellmonk_ecumenical_altar_lost_god, uniq_grinder,
          uniq_crazy_yiuf_cottage
D:4:      layout_rooms, uniq_edmund, uniq_blork_the_orc, uniq_menkaure

Skill      XL: |  1  2  3  4  5 |
---------------+----------------+-----
Short Blades   | 3 4 6 |  6.8
Fighting       | 4 5 |  5.6
Stealth        | 6 |  6.0
Throwing       | |  2.1
Dodging        | |  1.2

Action                   |  1- 3 |  4- 6 |  7- 9 || total
-------------------------+-------+-------+-------++-------
Melee: Dagger            |    42 |    17 |     8 ||    67
Throw: Dart              |       |     4 |       ||     4
  Use: Potion            |       |       |     7 ||     7
 Stab: Sleeping          |    24 |     7 |       ||    31
Armor: Robe              |     1 |     1 |       ||     2
Dodge: Dodged            |    14 |     7 |     9 ||    30

Table legend: (Time is in decaauts)
 A = Elapsed time spent in this place.
 B = Non-inter-level travel time spent in this place.
 C = Inter-level travel time spent in this place.
 D = Time resting spent in this place.
 E = Time spent auto-exploring this place.
 F = Levels seen in this place.
 G = Mean time per level.
                   A        B        C        D        E       F      G
               +--------+--------+--------+--------+--------+-----+--------+
         Total |   2344 |   2245 |     99 |      0 |   1871 |   4 |  586.0 |
       Dungeon |   2344 |   2245 |     99 |      0 |   1871 |   4 |  586.0 |
               +--------+--------+--------+--------+--------+-----+--------+

Top non-repeatable levels by time:
     D:3: 885 daAuts
     D:1: 780 daAuts
     D:2: 653 daAuts
     D:4: 24 daAuts
